 Dungeon Crawl Stone Soup version 0.32-a0-909-gc671339a80 (webtiles) character file.

Game seed: 18204306125034183889

11547 TROGSCHOSEN the Cleaver (level 11, 0/104 HPs)
             Began as a Mountain Dwarf Berserker on Apr 6, 2024.
             Was an Elder of Trog.
             Slain by a stone giant (3 damage)
             ... in a volcano.
             The game lasted 00:19:32 (12475 turns).

TROGSCHOSEN the Cleaver (Mountain Dwarf Berserker) Turns: 12475, Time: 00:19:33

Health: 0/104      AC: 12    Str: 27    XL:     11   Next: 50%
Magic:  11/11      EV: 12    Int:  7    God:    Trog [****..]
Gold:   412        SH:  6    Dex: 19    Spells: 10/10 levels left

rFire   . . .        I - +2 morningstar (freeze)
rCold   . . .        b - +0 buckler
rNeg    . . .        J - +1 scale mail {rPois}
rPois   +            k - +0 helmet
rElec   .            r - scarf {+Inv}
rCorr   .            N - +0 pair of gloves
SInv    .            (no boots)
Will    +++..        (no amulet) Stlth
                     a - +6 ring of dexterity
HPRegen 1.37/turn    H - +6 ring of strength
MPRegen 0.12/turn

%: no passive effects
@: strong-willed, on berserk cooldown, regenerating, slowed, studying Fighting,
very slow
A: runic magic, artefact enchanting
a: Renounce Religion, Evoke Invisibility, Berserk, Trog's Hand, Brothers in Arms


You were in a volcano.
You worshipped Trog.
Trog was greatly pleased with you.
You visited 2 branches of the dungeon, and saw 11 of its levels.
You also visited: Volcano.

You collected 607 gold pieces.
You spent 195 gold pieces at shops.

Inventory:

Hand Weapons
 o - a +3 hand axe of venom
 x - a +3 battleaxe
 A - a +2 flail of holy wrath
 I - a +2 morningstar of freezing (weapon)
 L - a +1 demon whip of venom
Missiles
 p - 11 javelins (quivered)
 u - 2 throwing nets
 w - 5 boomerangs
 K - 4 curare-tipped darts
Armour
 b - a +0 buckler (worn)
 k - a +0 helmet (worn)
 r - a scarf of invisibility (worn)
 J - a +1 scale mail of poison resistance (worn)
 M - +0 acid dragon scales
 N - a +0 pair of gloves (worn)
Jewellery
 a - a +6 ring of dexterity (left hand)
 H - a +6 ring of strength (right hand)
Scrolls
 c - 3 scrolls of fear
 i - 2 scrolls of silence
 l - 6 scrolls of teleportation
 m - a scroll of vulnerability
 n - 2 scrolls of poison
 s - a scroll of torment {unknown}
 y - 2 scrolls of enchant armour
 B - 2 scrolls of blinking
 D - a scroll of summoning
 E - a scroll of immolation
Potions
 d - a potion of brilliance {unknown}
 e - 2 potions of enlightenment {unknown}
 f - 5 potions of heal wounds
 g - 2 potions of lignification {unknown}
 h - a potion of haste {unknown}
 j - 5 potions of curing
 q - 4 potions of ambrosia {unknown}
 v - 3 potions of degeneration {unknown}
 z - a potion of attraction {unknown}
 C - 2 potions of magic {unknown}
 F - 2 potions of might {unknown}
 G - 2 potions of invisibility


   Skills:
 + Level 11.6 Fighting
 - Level 12.0(12.9) Axes
 * Level 7.6(10.8) Maces & Flails
 + Level 9.3 Armour
 - Level 5.0 Dodging
 + Level 6.1 Shields


You had 10 spell levels left.
You didn't know any spells.
Your spell library was empty.

Dungeon Overview and Level Annotations

Branches:
Dungeon (10/15)            Temple (0/1) D:4            Lair (1/5) D:10
    Orc (0/2) D:9         Volcano (1/1)

Altars:
Cheibriados
Hepliaklqana
Makhleb
Okawaru
Uskayaw
Wu Jian
Xom
The Shining One

Shops:
D:7 [

Annotations:
D:7 3 runed translucent doors, dialectric's ghost, novice VSFi


Innate Abilities, Weirdness & Mutations

Your spellcasting is much less encumbered by armour.
You can use scrolls of enchantment on lesser artefacts.


Message History

Trog accepts your kill.
There is an open door here.
Things that are here:
a +2 scimitar of flaming; a +0 morningstar You feel a strong urge to attack something.
You are no longer berserk.
You are exhausted.
You feel yourself slow down.
You start resting.
You feel the effects of Trog's Hand fading.
You start resting.
The air gets thick with the scent of sulphur.
You start resting.
Your skin stops crawling.
You feel less strong-willed.
You start resting.
The volcano roars to life, belching forth lava!
You start resting.
Something unseen opens the door.
You start resting.
A stone giant comes into view.
Your skin crawls.
You feel strong-willed.
The stone giant shouts!
The stone giant throws a large rock.
The large rock barely misses you.
You puncture the stone giant! You freeze the stone giant.
The stone giant is lightly wounded.
The stone giant hits you but does no damage.
You hit the stone giant. You freeze the stone giant.
The stone giant is lightly wounded.
The stone giant hits you!!
* * * LOW HITPOINT WARNING * * *
You block the stone giant's attack.
You hit the stone giant. You freeze the stone giant.
The stone giant is moderately wounded.
The stone giant hits you!
* * * LOW HITPOINT WARNING * * *
You feel much better. The stone giant hits you!!!
* * * LOW HITPOINT WARNING * * *
The stone giant hits you.
You die...

≈§§§≈§§.########'###### ≈≈
≈≈§≈§≈≈.# #.# ≈ ≈≈§§§≈≈.# #.#
≈≈≈≈≈≈..# #.# ≈≈§§≈≈≈.# #.#
§§§§≈§≈.######.#.# #.≈§§§§
≈≈§§§≈≈.#......#.# #.≈≈§≈§
≈§≈≈≈≈..###++###)### #.≈≈§≈§
≈≈≈≈§§§.# #@....# #..§§§≈
§≈≈§≈≈≈.# #Cß_ß.# #.≈§§§≈
§§§§§≈≈.# '.....+ #.≈≈§§§
§§§§§≈≈.#################.≈§§§≈ ≈
≈≈≈§≈§§§............§.....§≈§§≈
≈≈≈≈≈§§§§.≈≈≈≈≈≈≈≈≈≈§≈≈.≈§§≈≈..≈≈
≈≈≈≈≈≈§≈≈≈§§≈§≈≈≈§§≈≈§≈§≈§≈≈≈≈≈§.
≈§§§≈≈≈§≈§≈≈§§°≈§§≈≈§§≈§§§§≈§≈≈§≈
§§§≈≈≈≈≈≈≈§§§§≈≈≈≈§≈≈≈≈≈§≈≈§≈≈§§§


You could see a stone giant.

Vanquished Creatures
  A boulder beetle (D:9)
  Urug (D:10)
  Amaemon (D:10)
  Sonja (D:10)
  A black mamba (Lair:1)
  A gargoyle (Volcano)
  A cane toad (Lair:1)
  An orange demon (D:10)
  A komodo dragon (D:10)
  An efreet (Volcano)
  A shadow (D:9)
  2 fire bats (Volcano)
  2 wraiths (D:10)
  A basilisk (D:10)
  A fire elemental (Volcano)
  2 wyverns
  4 yaks (D:10)
  2 acid dragons
  4 water moccasins
  2 hell hounds (Lair:1)
  4 black bears
  3 ice beasts
  3 orc warriors
  2 sky beasts
  3 ogres (D:5)
  4 centaurs
  A kobold brigand (D:9)
  An earth elemental (Volcano)
  3 bullfrogs
  2 gnoll sergeants
  4 scorpions
  8 wights
  11 killer bees
  3 howler monkeys
  7 lava snakes
  3 hounds
  7 orc priests
  3 gnoll boudas
  2 jellies
  A sleepcap (D:5)
  3 iguanas
  13 orc wizards
  25 gnolls
  5 adders
  A shadow imp (D:7)
  5 white imps
  2 ribbon worms (D:2)
  4 dart slugs
  41 orcs
  6 ball pythons
  5 bats
  2 endoplasms
  2 giant cockroaches
  5 goblins
  A hobgoblin (D:3)
  2 jackals (D:1)
  11 kobolds
  2 quokkas
  2 frilled lizards
  6 rats
249 creatures vanquished.

Notes
Turn   | Place    | Note
-------+----------+-------------------------------------------
     0 | D:1      | TROGSCHOSEN the Mountain Dwarf Berserker began the quest
                  | for the Orb.
     0 | D:1      | Reached XP level 1. HP: 19/19 MP: 1/1
   100 | D:1      | Found a faded altar of an unknown god.
   160 | D:1      | Reached XP level 2. HP: 26/26 MP: 2/2
   229 | D:1      | Reached skill level 4 in Axes
   446 | D:1      | Reached ** piety under Trog
   874 | D:2      | Reached XP level 3. HP: 31/31 MP: 3/3
  1699 | D:3      | Reached XP level 4. HP: 26/40 MP: 4/4
  1793 | D:3      | Found a shimmering altar of Xom.
  2376 | D:3      | Identified a scroll of acquirement
  2414 | D:4      | Noticed a black bear
  2425 | D:4      | Killed a black bear
  2426 | D:4      | Reached skill level 5 in Axes
  2426 | D:4      | Reached XP level 5. HP: 46/46 MP: 5/5
  2905 | D:4      | Reached XP level 6. HP: 43/53 MP: 6/6
  3034 | D:4      | Reached skill level 6 in Axes
  3405 | D:4      | Reached XP level 7. HP: 38/60 MP: 7/7
  3680 | D:4      | Found a staircase to the Ecumenical Temple.
  3835 | D:5      | Entered Level 5 of the Dungeon
  3898 | D:5      | Reached skill level 5 in Fighting
  3901 | D:5      | Reached skill level 7 in Axes
  4169 | D:5      | Reached *** piety under Trog
  4304 | D:5      | Reached skill level 8 in Axes
  4304 | D:5      | Reached skill level 5 in Armour
  4304 | D:5      | Reached XP level 8. HP: 27/69 MP: 8/8
  4463 | D:5      | Found an ornate altar of the Wu Jian Council.
  4526 | D:5      | Found a hazy altar of Hepliaklqana.
  5125 | D:6      | Reached skill level 9 in Axes
  5307 | D:6      | Found a hide-covered altar of Uskayaw.
  5402 | D:6      | Reached XP level 9. HP: 39/74 MP: 9/9
  5994 | D:7      | Found a burning altar of Makhleb.
  6016 | D:7      | Found a runed translucent gate.
  6016 | D:7      | Found a runed translucent gate.
  6016 | D:7      | Found a runed translucent gate.
  6020 | D:7      | Noticed dialectric's ghost (novice VSFi)
  6110 | D:7      | Reached skill level 10 in Axes
  6204 | D:7      | Found Nicuf's Armour Boutique.
  6442 | D:7      | Found a glowing golden altar of the Shining One.
  6472 | D:7      | Reached **** piety under Trog
  6533 | D:7      | Acquired a manual of Fighting
  7414 | D:9      | Reached skill level 1 in Shields
  7525 | D:9      | Reached skill level 11 in Axes
  7806 | D:9      | Reached skill level 5 in Dodging
  8063 | D:9      | Reached XP level 10. HP: 75/90 MP: 10/10
  8123 | D:9      | Noticed a boulder beetle
  8140 | D:9      | Killed a boulder beetle
  8525 | D:9      | Found a staircase to the Orcish Mines.
  8659 | D:9      | Reached skill level 12 in Axes
  9294 | D:10     | Entered Level 10 of the Dungeon
  9294 | D:10     | Noticed Amaemon
  9294 | D:10     | Noticed an orange demon
  9366 | D:7      | Bought a +1 scale mail of poison resistance for 195 gold
                  | pieces
  9467 | D:10     | Reached skill level 1 in Maces & Flails
  9801 | D:10     | Noticed Urug
  9817 | D:10     | Killed Urug
  9890 | D:10     | Found a staircase to the Lair.
  9921 | D:10     | Reached skill level 10 in Fighting
 10321 | D:10     | Noticed Sonja
 10336 | D:10     | Killed Sonja
 10337 | D:10     | Reached skill level 5 in Maces & Flails
 10454 | D:10     | Found an iron altar of Okawaru.
 10517 | D:10     | Killed Amaemon
 10518 | D:10     | Reached skill level 5 in Shields
 10518 | D:10     | Reached XP level 11. HP: 101/101 MP: 11/11
 10941 | D:10     | Found a snail-covered altar of Cheibriados.
 11415 | Lair:1   | Entered Level 1 of the Lair of Beasts
 11662 | Lair:1   | Found a dark tunnel.
 11734 | Volcano  | Entered a volcano
 12429 | Volcano  | Found a burning altar of Makhleb.
 12470 | Volcano  | Noticed a stone giant
 12475 | Volcano  | HP: 3/104 [stone giant (39)]
 12475 | Volcano  | Slain by a stone giant

Illustrated notes

Levels and vault maps discovered:
D:1:      onia_arrival_pentagram, layout_loops_ring,
          dreamdust_ecumenical_altar_hidden_monk_grotto
D:2:      layout_basic
D:3:      layout_loops_ring, mainiacjoe_overflow_paths, bh_walls_and_bars
D:4:      layout_basic, minmay_temple_entry_nine_rooms, corexii_shack
D:5:      layout_basic, grunt_temple_overflow_open
D:6:      layout_cave_pools, mainiacjoe_overflow_concentric_impassable
D:7:      layout_basic, nicolae_tso_swordbearing_angel,
          mainiacjoe_overflow_surrounded_room, ebering_ghost_rock_garden,
          serial_shops, shop, hangedman_glass_garden, grunt_ministairs_14
D:8:      layout_rooms
D:9:      layout_roguey, orc_0_dummy
D:10:     layout_long_grid, kennysheep_slug_shrine, kennysheep_little_box,
          david_lair_shrubbed, kennysheep_generic_room_9, uniq_urug, uniq_sonja,
          uniq_amaemon
Lair:1:   layout_chaotic_city, enter_volcano_3, uniq_nergalle
Volcano:  volcano_lake [vl_original]

Skill      XL: |  1  2  3  4  5  6  7  8  9 10 11 |
---------------+----------------------------------+-----
Axes           | 4 5 6 8 9 11 12 | 12.0
Dodging        | 2 3 4 5 |  5.0
Armour         | 3 4 5 6 7 8 9 |  9.3
Fighting       | 4 5 6 8 10 11 | 11.6
Shields        | 2 5 6 |  6.1
Maces & Flails | 5 7 |  7.6

Action                     |  1- 3 |  4- 6 |  7- 9 | 10-12 || total
---------------------------+-------+-------+-------+-------++-------
  Melee: Hand axe          |   152 |   119 |   428 |   263 ||   962
         Morningstar       |       |       |       |    91 ||    91
 Invoke: Trog's Hand       |     1 |       |     1 |     5 ||     7
         Berserk           |       |     2 |     2 |     5 ||     9
    Use: Scroll            |     4 |     2 |     6 |     3 ||    15
         Potion            |       |       |       |     3 ||     3
   Stab: Sleeping          |     1 |       |       |       ||     1
 Armour: Animal skin       |     8 |       |       |       ||     8
         Scale mail        |   133 |    32 |       |   191 ||   356
         Chain mail        |       |    56 |   296 |    60 ||   412
  Dodge: Dodged            |    80 |    41 |   164 |   172 ||   457
  Block: Buckler           |       |       |       |    90 ||    90

Table legend: (Time is in decaauts)
 A = Elapsed time spent in this place.
 B = Non-inter-level travel time spent in this place.
 C = Inter-level travel time spent in this place.
 D = Time resting spent in this place.
 E = Time spent auto-exploring this place.
 F = Levels seen in this place.
 G = Mean time per level.
                   A        B        C        D        E       F      G
               +--------+--------+--------+--------+--------+-----+--------+
         Total |  12458 |  11901 |    557 |    417 |   9117 |  12 | 1038.2 |
       Dungeon |  11408 |  10851 |    557 |    288 |   8767 |  10 | 1140.8 |
          Lair |    304 |    304 |      0 |     57 |      0 |   1 |  304.0 |
       Volcano |    745 |    745 |      0 |     72 |    350 |   1 |  745.0 |
               +--------+--------+--------+--------+--------+-----+--------+

Top non-repeatable levels by time:
     D:9: 1969 daAuts
    D:10: 1928 daAuts
     D:5: 1226 daAuts
     D:3: 1173 daAuts
     D:4: 1147 daAuts
     D:8: 915 daAuts
     D:1: 854 daAuts
     D:6: 815 daAuts
 Volcano: 745 daAuts
     D:2: 701 daAuts
     D:7: 676 daAuts
  Lair:1: 304 daAuts
